 Dungeon Crawl Stone Soup version 0.30-a0-996-ga6910c8ee8 (webtiles) character file.

Game seed: 8504462588193936398

9606 Denapoli the Blocker (level 11, -5/92 HPs)
             Began as a Formicid Fighter on Apr 4, 2023.
             Was a Believer of Okawaru.
             Killed by divine providence
             ... invoked by an orc priest
              (9 damage)
             ... on level 2 of the Orcish Mines.
             The game lasted 00:42:42 (10556 turns).

Denapoli the Blocker (Formicid Fighter)            Turns: 10556, Time: 00:42:43

Health: -5/92      AC: 18    Str: 23    XL:     11   Next: 77%
Magic:  11/11      EV: 12    Int:  8    God:    Okawaru [**....]
Gold:   648        SH:  0    Dex: 17    Spells: 10/10 levels left

rFire   . . .      SeeInvis +    b - +1 giant spiked club (spect)
rCold   . . .      Faith    .    (shield currently unavailable)
rNeg    . . .      Spirit   .    K - +1 plate armour
rPois   .          Reflect  .    (helmet unavailable)
rElec   +          Rampage  .    g - +0 cloak
rCorr   .                        (no gloves)
Will    ++...                    u - +0 pair of boots of Henotheism {rElec Stlth+} Stlth
                                 (no amulet)
HPRegen 0.35/turn                x - ring of willpower
MPRegen 0.12/turn                p - +5 ring of evasion

@: no status effects
A: permanent stasis, dig shafts and tunnels, antennae 3, four strong arms, agile
1, screaming 1
a: Dig, Shaft Self, Renounce Religion, Heroism


You were on level 2 of the Orcish Mines.
You worshipped Okawaru.
Okawaru was pleased with you.
You visited 3 branches of the dungeon, and saw 12 of its levels.
You also visited: Ossuary.

You collected 648 gold pieces.

Inventory:

Hand Weapons
 a - a +0 flail
 b - a +1 spectral giant spiked club (weapon)
 i - a +4 quarterstaff of chaos
 m - a +0 flail of protection
 n - a +0 hammer
 s - a +1 vampiric long sword
 B - a +2 whip of electrocution
 H - a +0 dire flail
Missiles
 h - 2 throwing nets
Armour
 c - a +0 buckler
 g - a +0 cloak (worn)
 k - a +2 leather armour of cold resistance
 u - the +0 pair of boots of Henotheism (worn) {rElec Stlth+}
   (You found it on level 5 of the Dungeon)

   rElec:     It insulates you from electricity.
   Stlth:     It makes you more stealthy.
 z - a +0 troll leather armour
 G - a +0 chain mail
 K - a +1 plate armour (worn)
Jewellery
 e - a ring of resist corrosion
 p - a +5 ring of evasion (right hand)
 x - a ring of willpower (left hand)
 A - an amulet of magic regeneration
Wands
 d - a wand of quicksilver (11)
 F - a wand of charming (13)
Scrolls
 f - 4 scrolls of vulnerability
 t - 5 scrolls of identify
 v - 2 scrolls of amnesia
 E - a scroll of silence
Potions
 j - a potion of magic
 l - 2 potions of haste
 o - 2 potions of flight
 q - a potion of berserk rage
 r - a potion of lignification
 C - a potion of degeneration
 D - a potion of brilliance


   Skills:
 * Level 10.7 Fighting
 + Level 6.6(7.3) Maces & Flails
 - Level 4.4(6.2) Staves
 * Level 10.5 Armour
 - Level 0.2 Dodging
 * Level 12.5 Shields


You had 10 spell levels left.
You didn't know any spells.
Your spell library contained the following spells:

 Spells                   Type           Power      Damage    Failure   Level
 Ensorcelled Hibernation  Hex/Ice        0%         N/A       100%        2
 Passwall                 Tmut/Erth      0%         N/A       100%        2
 Vhi's Electric Charge    Tloc/Air       0%         N/A       100%        3
 Passage of Golubria      Tloc           0%         N/A       100%        4
 Arcjolt                  Conj/Air       0%         1d10      100%        5
 Yara's Violent Unravell  Hex/Tmut       0%         3d3       100%        5
 Maxwell's Capacitive Co  Air            0%         ∞         100%        8
 Swiftness                Air            Unusable   N/A       N/A         3
 Tukima's Dance           Hex            Unusable   N/A       N/A         3

Dungeon Overview and Level Annotations

Branches:
Dungeon (9/15)             Temple (1/1) D:7            Lair (0/5) D:9
    Orc (2/2) D:9         Ossuary (visited)
    Elf: Orc:2

Altars:
Ashenzari
Elyvilon
Fedhas
Gozag
Hepliaklqana
Kikubaaqudgha
Makhleb
Nemelex Xobeh
Okawaru
Qazlal
Ru
Sif Muna
Trog
Uskayaw
Vehumet
Wu Jian
Xom
Yredelemnul
The Shining One


Innate Abilities, Weirdness & Mutations

You cannot be hasted, slowed, berserked, paralysed or teleported.
You can dig through walls and to a lower floor.
You have a pair of large antennae on your head. (SInv)
Your four strong arms can wield two-handed weapons with a shield.
You are agile. (Dex +4, Str/Int -1)
You occasionally shout uncontrollably at your foes.


Message History

The orc high priest invokes the aid of Beogh against you.
Beogh smites you!
The orc priest hits you but does no damage.
The orc high priest calls down the wrath of Beogh upon you.
Beogh smites you!
* * * LOW HITPOINT WARNING * * *
An orc priest comes into view. It is wielding a +0 war axe.
The orc priest shouts!
You are too injured to fight recklessly!
You are too injured to fight recklessly!
You are too injured to fight recklessly!
You are too injured to fight recklessly!
You are too injured to fight recklessly!
The orc attacks as you move away! The orc hits you with a +0 mace.
* * * LOW HITPOINT WARNING * * *
The orc attacks as you move away! The orc barely misses you.
You hear a shout!
The orc throws a boomerang.
The boomerang hits you but does no damage.
The orc high priest mumbles some strange prayers to Beogh against you.
Beogh smites you!
* * * LOW HITPOINT WARNING * * *
You see here a +0 dagger.
You are too injured to fight recklessly!
You are too injured to fight recklessly!
You are too injured to fight recklessly!
You beat the orc like a drum!!!
You kill the orc!
Okawaru accepts your kill. The orc hits you but does no damage.
The orc priest hits you but does no damage.
The orc hits you but does no damage.
You barely miss the orc.
Your +1 spectral giant spiked club closely misses the orc.
The orc high priest mumbles some strange prayers to Beogh.
The orc barely misses you.
The orc high priest hits you but does no damage.
The orc priest mumbles some strange prayers to Beogh against you.
Beogh smites you!
You die...

##.####..###.... .
#...####........ ..##
###....###...<... ....
#.###............
..#...####)####..........
#....#.#.####...........
.#...)....##............
........(o...............
........@o)..............
#.#######oo######......#.
# #oo# #....... #4.#
..#... #oo# .... #..# ..
{ ...# .... ....#


You could see 2 orc high priests, a hellwing (summoned), 3 orc priests, 3 orcs
and a friendly +1 spectral giant spiked club (summoned).

Vanquished Creatures
  2 two-headed ogres
  An orc high priest (Orc:2)
  2 manticores (D:8)
  2 trolls (D:9)
  A wraith (Ossuary)
  12 yaks
  A steam dragon (D:8)
  2 wargs (Orc:2)
  6 water moccasins
  7 orc warriors
  3 sky beasts
  3 ice beasts (D:8)
  2 ogres
  2 centaurs
  3 kobold brigands
  A gnoll sergeant (D:7)
  5 bullfrogs
  6 wights
  3 electric eels (D:9)
  A jelly (D:7)
  3 hounds
  16 orc priests
  Crazy Yiuf (D:2)
  2 sleepcaps (D:5)
  A gnoll bouda (D:8)
  4 iguanas
  7 orc wizards
  A mummy (Ossuary)
  16 gnolls
  7 adders
  2 shadow imps
  A white imp (D:5)
  An ufetubus (D:6)
  3 worms
  A dart slug (D:1)
  38 orcs
  8 endoplasms
  7 giant cockroaches
  11 goblins
  11 hobgoblins
  5 jackals
  4 quokkas
  13 ball pythons
  4 bats
  2 frilled lizards (D:1)
  9 gnoll skeletons (Ossuary)
  23 kobolds
  5 kobold skeletons (Ossuary)
  10 orc skeletons (Ossuary)
  10 rats
291 creatures vanquished.

Vanquished Creatures (collateral kills)
  An orc (D:6)
1 creature vanquished.

Vanquished Creatures (others)
  A black bear (D:6)
  A bullfrog (D:8)
  A howler monkey (D:8)
  2 orc priests (D:8)
  An orc wizard (D:8)
  3 orcs
  A gnoll zombie (D:7)
10 creatures vanquished.

Grand Total: 302 creatures vanquished

Notes
Turn   | Place    | Note
-------+----------+-------------------------------------------
     0 | D:1      | Denapoli the Formicid Fighter began the quest for the Orb.
     0 | D:1      | Reached XP level 1. HP: 18/18 MP: 1/1
    86 | D:1      | Reached XP level 2. HP: 23/25 MP: 2/2
   413 | D:1      | Reached XP level 3. HP: 30/30 MP: 3/3
  1037 | D:2      | Reached XP level 4. HP: 36/37 MP: 4/4
  1377 | D:2      | Found a runed translucent door.
  1378 | D:2      | Noticed Crazy Yiuf
  1388 | D:2      | Killed Crazy Yiuf
  1389 | D:2      | Reached XP level 5. HP: 33/43 MP: 5/5
  1862 | D:3      | Reached skill level 5 in Shields
  2052 | D:3      | Found a faded altar of an unknown god.
  2327 | D:3      | Noticed a water moccasin
  2332 | D:3      | Killed a water moccasin
  2333 | D:3      | Reached XP level 6. HP: 50/50 MP: 6/6
  2724 | D:3      | Reached skill level 1 in Staves
  2791 | D:4      | Noticed an ogre
  2809 | D:4      | Killed an ogre
  2810 | D:4      | Reached skill level 5 in Fighting
  2922 | D:4      | Reached XP level 7. HP: 56/56 MP: 7/7
  3283 | D:5      | Entered Level 5 of the Dungeon
  3294 | D:5      | Reached skill level 5 in Armour
  3300 | D:5      | Reached skill level 6 in Shields
  3367 | D:5      | Identified the +0 pair of boots of Henotheism {rElec
                  | Stlth+}
  4320 | D:6      | Found a sand-covered staircase.
  4325 | Ossuary  | Entered an ossuary
  4325 | Ossuary  | Noticed a wraith
  4325 | Ossuary  | Noticed a wraith
  4325 | Ossuary  | Noticed a wraith
  4413 | Ossuary  | Noticed a wraith
  4430 | Ossuary  | Killed a wraith
  4431 | Ossuary  | Reached XP level 8. HP: 43/64 MP: 8/8
  4878 | D:6      | Reached skill level 7 in Shields
  5489 | D:6      | Found a broken altar of Ashenzari.
  5830 | D:7      | Reached skill level 8 in Shields
  5830 | D:7      | Reached XP level 9. HP: 70/71 MP: 9/9
  5962 | D:7      | Found a staircase to the Ecumenical Temple.
  5969 | Temple   | Entered the Ecumenical Temple
  6100 | Temple   | Became a worshipper of Warmaster Okawaru
  6177 | D:7      | Found a flagged portal.
  6257 | D:7      | Found a bloodstained altar of Trog.
  6295 | D:7      | Found a blossoming altar of Fedhas.
  6853 | D:8      | Reached skill level 9 in Shields
  6976 | D:8      | Reached * piety under Okawaru
  6983 | D:8      | Reached XP level 10. HP: 25/80 MP: 7/10
  6994 | D:8      | HP: 4/80 [yak (11)]
  7007 | D:8      | Reached skill level 5 in Maces & Flails
  7226 | D:8      | Reached skill level 10 in Shields
  7470 | D:8      | Gained mutation: You are vulnerable to cold. (rC-) [potion
                  | of mutation]
  7470 | D:8      | Gained mutation: You are partially covered in iridescent
                  | scales. (AC +2) [potion of mutation]
  7826 | D:8      | Noticed a two-headed ogre
  7839 | D:8      | Killed a two-headed ogre
  7866 | D:8      | Noticed a manticore
  7878 | D:8      | Killed a manticore
  8010 | D:8      | Noticed a manticore
  8037 | D:8      | Killed a manticore
  8038 | D:8      | Reached skill level 11 in Shields
  8186 | D:8      | Lost mutation: You are vulnerable to cold. (rC-) [potion of
                  | mutation]
  8186 | D:8      | Lost mutation: You are partially covered in iridescent
                  | scales. (AC +2) [potion of mutation]
  8186 | D:8      | Gained mutation: You occasionally shout uncontrollably at
                  | your foes. [potion of mutation]
  8186 | D:8      | Gained mutation: You are agile. (Dex +4, Str/Int -1)
                  | [potion of mutation]
  8203 | D:8      | Reached XP level 11. HP: 89/89 MP: 11/11
  8217 | D:8      | Reached ** piety under Okawaru
  8703 | D:9      | Noticed a two-headed ogre
  8738 | D:9      | Killed a two-headed ogre
  8739 | D:9      | Reached skill level 10 in Fighting
  9029 | D:9      | Reached skill level 10 in Armour
  9146 | D:9      | Found a staircase to the Lair.
  9321 | D:9      | Reached skill level 12 in Shields
 10027 | D:9      | Found a staircase to the Orcish Mines.
 10038 | Orc:1    | Entered Level 1 of the Orcish Mines
 10177 | Orc:2    | Entered Level 2 of the Orcish Mines
 10231 | Orc:2    | Noticed an orc high priest
 10310 | Orc:2    | Killed an orc high priest
 10548 | Orc:2    | Noticed an orc high priest
 10550 | Orc:2    | Noticed an orc high priest
 10554 | Orc:2    | HP: 4/92 [orc high priest/divine providence (10)]
 10556 | Orc:2    | Killed from afar by an orc priest

Illustrated notes

Levels and vault maps discovered:
D:1:      psy_arrival_radial01, layout_basic, serial_curves, eino_curves_03,
          eino_curves_03
D:2:      layout_basic, minmay_cut_off, uniq_crazy_yiuf_cottage
D:3:      layout_basic, shapermc_ecumenical_altar_ellora
D:4:      layout_rooms
D:5:      layout_loops_corners
D:6:      layout_loops_ring, kennysheep_mini, enter_ossuary_5
D:7:      layout_gridville, mainiacjoe_overflow_catch_the_wave,
          minmay_temple_entry_nine_rooms, enter_bailey_4,
          dreamdust_princess_bridge
D:8:      cheibrodos_barr_body, layout_loops_ring, minmay_diced_spiral
D:9:      layout_basic, lair_entry_dummy, erik_orc_2, minivault_11,
          small_statue_intersection
Temple:   compressed_dpeg_triangle_lava_temple
Orc:1:    layout_diamond_mine, serial_shops, nicolae_shop_advertising_works
          [nicolae_subvault_shop_adworks]
Orc:2:    st_orc_town, layout_caves, nicolae_orc_rich_vein, uniq_jorgrun

Skill      XL: |  1  2  3  4  5  6  7  8  9 10 11 |
---------------+----------------------------------+-----
Fighting       | 4 5 6 8 9 10 | 10.7
Armour         | 4 5 6 7 9 10 | 10.5
Shields        | 5 6 8 9 11 12 | 12.5
Staves         | 1 2 3 4 |  4.4
Maces & Flails | 3 4 5 6 |  6.6
Dodging        | |  0.2

Action                     |  1- 3 |  4- 6 |  7- 9 | 10-12 || total
---------------------------+-------+-------+-------+-------++-------
  Melee: Flail             |   115 |    40 |       |    68 ||   223
         Quarterstaff      |       |    75 |   351 |    17 ||   443
         Whip              |       |       |       |   299 ||   299
         Giant spiked club |       |       |       |    68 ||    68
 Invoke: Heroism           |       |       |     1 |    13 ||    14
Ability: Dig               |       |     1 |       |     1 ||     2
  Evoke: Wand              |       |       |     1 |     2 ||     3
    Use: Scroll            |     2 |     5 |    11 |     7 ||    25
         Potion            |       |     1 |    11 |    14 ||    26
   Stab: Paralysed         |       |       |     1 |       ||     1
         Invisible         |       |       |       |     6 ||     6
 Armour: Scale mail        |    53 |    38 |    37 |       ||   128
         Chain mail        |       |       |   111 |    79 ||   190
         Plate armour      |       |       |       |    55 ||    55
         Troll leather arm |       |       |       |     5 ||     5
  Dodge: Dodged            |    66 |    49 |   253 |   258 ||   626
  Block: Buckler           |    26 |    20 |   132 |   107 ||   285

Table legend: (Time is in decaauts)
 A = Elapsed time spent in this place.
 B = Non-inter-level travel time spent in this place.
 C = Inter-level travel time spent in this place.
 D = Time resting spent in this place.
 E = Time spent auto-exploring this place.
 F = Levels seen in this place.
 G = Mean time per level.
                   A        B        C        D        E       F      G
               +--------+--------+--------+--------+--------+-----+--------+
         Total |  10608 |   9839 |    769 |    717 |   6704 |  13 |  816.0 |
       Dungeon |   9659 |   9036 |    623 |    538 |   6518 |   9 | 1073.2 |
        Temple |    139 |      9 |    130 |      0 |      0 |   1 |  139.0 |
  Orcish Mines |    535 |    520 |     15 |    179 |    121 |   2 |  267.5 |
       Ossuary |    273 |    273 |      0 |      0 |     65 |   1 |  273.0 |
               +--------+--------+--------+--------+--------+-----+--------+

Top non-repeatable levels by time:
     D:8: 1634 daAuts
     D:9: 1456 daAuts
     D:3: 1162 daAuts
     D:6: 1154 daAuts
     D:5: 1061 daAuts
     D:7: 966 daAuts
     D:1: 929 daAuts
     D:2: 760 daAuts
     D:4: 535 daAuts
   Orc:2: 398 daAuts
 Ossuary: 273 daAuts
  Temple: 139 daAuts
   Orc:1: 137 daAuts
